 Dungeon Crawl Stone Soup version 0.27-a0-249-g74f53ef629 (webtiles) character file.

Game seed: 16233427103745505055

26301 Borgoz the Carver (level 13, -1/113 HPs)
             Began as a Ghoul Gladiator on Feb 3, 2021.
             Was a Priest of Dithmenos.
             Slain by a polar bear (17 damage)
             ... in an ice cave.
             The game lasted 00:25:37 (12055 turns).

Borgoz the Carver (Ghoul Gladiator)                Turns: 12055, Time: 00:25:37

Health: -1/113     AC: 25    Str: 25    XL:     13   Next: 25%
Magic:  12/12      EV: 16    Int:  3    God:    Dithmenos [***...]
Gold:   1052       SH:  0    Dex: 14    Spells: 12/12 levels left

rFire    x . .     SeeInvis .   a - +0 scimitar
rCold    + + +     Faith    .   (no shield)
rNeg     + + +     Spirit   .   r - +0 ice dragon scales
rPois    ∞         Reflect  .   c - +0 helmet
rElec    .         Harm     .   v - +2 cloak
rCorr    .         Rampage  .   (no gloves)
Will     .....                  g - +2 pair of boots
Stlth    +.........             (no amulet)
HPRegen  0.00/turn              z - +4 ring of protection
MPRegen  0.13/turn              m - +6 ring of strength

@: wreathed by umbra
A: claws 1, cold resistance 1, negative energy resistance 3, inhibited
regeneration, torment resistance, unbreathing
a: Renounce Religion, Shadow Step


You were in an ice cave.
You worshipped Dithmenos.
Dithmenos was most pleased with you.
You visited 3 branches of the dungeon, and saw 13 of its levels.
You also visited: Sewer, Ossuary and Ice Cave.

You collected 1052 gold pieces.

Inventory:

Hand Weapons
 a - a +0 scimitar (weapon)
Armour
 c - a +0 helmet (worn)
 g - a +2 pair of boots (worn)
 p - the +3 chain mail "Dihuetah" {rF+ Regen+ Dex+3}
   (You found it on level 5 of the Dungeon)

   It affects your dexterity (+3).
   It protects you from fire.
   It increases your rate of regeneration.
 r - +0 ice dragon scales (worn)
 v - a +2 cloak (worn)
Jewellery
 k - an uncursed ring of protection from fire
 m - a +6 ring of strength (right claw)
 o - a +6 ring of intelligence
 z - a +4 ring of protection (left claw)
Wands
 h - a wand of flame (67)
 j - a wand of digging (10)
 n - a wand of iceblast (6)
 t - a wand of acid (12)
 w - a wand of mindburst (9)
Scrolls
 e - 5 scrolls of teleportation
 f - 2 scrolls of identify
 i - 2 scrolls of remove curse
 s - a scroll of blinking
 u - 2 scrolls of fog
 x - a scroll of silence
 y - 2 scrolls of fear
Potions
 b - a potion of cancellation
 d - 2 potions of magic
 l - a potion of flight
 q - 4 potions of brilliance


   Skills:
 + Level 9.9 Fighting
 * Level 11.6 Long Blades
 - Level 1.7 Throwing
 * Level 10.5 Armour
 * Level 10.1 Dodging
 - Level 3.9 Stealth
 - Level 2.8 Evocations


You had 12 spell levels left.
You didn't know any spells.
Your spell library contained the following spells:

 Spells                   Type           Power        Failure   Level
 Corona                   Hex            0%           82%         1
 Ensorcelled Hibernation  Hex/Ice        0%           91%         2
 Confusing Touch          Hex            0%           99%         3
 Dazzling Flash           Conj/Hex       0%           99%         3
 Tukima's Dance           Hex            0%           99%         3


Dungeon Overview and Level Annotations

Branches:
Dungeon (11/15)            Temple (1/1) D:4            Lair (1/6) D:9
    Orc (0/2) D:9           Sewer (visited)         Ossuary (visited)
  IceCv (1/1)

Altars:
Ashenzari
Cheibriados
Dithmenos
Elyvilon
Fedhas
Gozag
Hepliaklqana
Kikubaaqudgha
Makhleb
Nemelex Xobeh
Okawaru
Qazlal
Ru
Sif Muna
Trog
Uskayaw
Vehumet
Wu Jian
Xom
Yredelemnul
Zin
The Shining One

Annotations:
D:10 3 runed translucent doors, Borgoz's ghost, journeyman GrBe


Innate Abilities, Weirdness & Mutations

You thrive by killing the living.
You are immune to poison.
You have sharp fingernails.
Your flesh is cold resistant. (rC+)
You are immune to negative energy. (rN+++)
You do not regenerate when monsters are visible.
You are immune to unholy pain and torment.
You can survive without breathing.


Message History

The polar bear claws you but does no damage.
You hit the polar bear.
The polar bear is moderately wounded.
The polar bear closely misses you.
You riposte.
You hit the polar bear.
The polar bear is moderately wounded.
The polar bear completely misses you.
The polar bear claws you but does no damage.
You slash the polar bear!
The polar bear is heavily wounded.
The polar bear closely misses you.
You riposte.
You slash the polar bear!
The polar bear is severely wounded.
The polar bear misses you.
The polar bear claws you but does no damage.
You hit the polar bear but do no damage.
The polar bear is severely wounded.
The polar bear goes berserk!
You hit the polar bear but do no damage.
The polar bear is severely wounded.
The polar bear bites you!
You die...

## ### #.##
##.## ####h..#
#.#.##
#.#hY..#$}
##/#.##
##h#.kh...#
####.# ##@#..#
#..# #.##h##
##..##
##.#####
#....##
##.#..##
##.....#
#..#...#
#...#..##
#...##.##
##..###..#
#.⌠###..#
#..##
##.####..###.#
#.## #..#
#####..#


You could see a polar bear (berserk).

Vanquished Creatures
  A frost giant (IceCv)
  A two-headed ogre (D:9)
  2 skeletal warriors
  An unseen horror (D:10)
  A slime creature (D:9)
  A black mamba (Lair:1)
  An ice statue (IceCv)
  Maggie (D:6)
  3 rime drakes
  16 polar bears (IceCv)
  3 trolls
  2 hornets
  3 blink frogs (Lair:1)
  Grinder (D:6)
  Prince Ribbit (D:6)
  A wyvern (D:9)
  Eustachio (D:5)
  18 yaks
  Duvessa (D:7)
  9 ice beasts
  5 orc warriors
  4 black bears
  7 ogres
  2 sky beasts
  An eye of draining (D:8)
  14 wolves (IceCv)
  4 centaurs
  2 phantoms
  7 bullfrogs
  5 big kobolds
  Dowan (D:7)
  A wyvern skeleton (D:10)
  A scorpion (D:6)
  7 wights
  A killer bee (D:9)
  12 howler monkeys
  A human zombie (D:6)
  A centaur zombie (D:7)
  A jelly (D:9)
  8 hounds
  Crazy Yiuf (D:6)
  7 orc priests
  2 bullfrog zombies
  A human skeleton (D:6)
  Jessica (D:2)
  2 iguanas
  9 orc wizards
  2 hell rats (Lair:1)
  7 worker ants
  A big kobold zombie (Ossuary)
  2 hound zombies
  A hound skeleton (D:11)
  8 mummies (Ossuary)
  A howler monkey zombie (D:7)
  2 worker ant zombies
  7 gnolls
  16 adders
  10 river rats
  A shadow imp (D:7)
  A white imp (D:6)
  2 ufetubi
  2 oozes (Sewer)
  2 adder skeletons
  6 worms
  2 dart slugs
  3 leopard geckos
  36 orcs
  5 ball pythons
  4 giant cockroaches
  A gnoll zombie (Ossuary)
  7 goblins
  2 hobgoblins
  21 jackals
  4 quokkas
  9 bats
  6 frilled lizards
  27 kobolds
  2 orc skeletons (D:6)
  8 orc zombies
  14 rats
398 creatures vanquished.

Vanquished Creatures (others)
  2 orc wizards (D:10)
  A worker ant (D:7)
  20 plants
23 creatures vanquished.

Grand Total: 421 creatures vanquished

Notes
Turn   | Place    | Note
-------+----------+-------------------------------------------
     0 | D:1      | Borgoz the Ghoul Gladiator began the quest for the Orb.
     0 | D:1      | Reached XP level 1. HP: 17/17 MP: 0/0
   428 | D:1      | Reached XP level 2. HP: 25/25 MP: 1/1
   583 | D:1      | Reached skill level 3 in Long Blades
  1048 | D:2      | Reached XP level 3. HP: 26/30 MP: 2/2
  1138 | D:2      | Found a faded altar of an unknown god.
  1151 | D:2      | Reached skill level 1 in Armour
  1226 | D:2      | Reached XP level 4. HP: 37/37 MP: 3/3
  1787 | D:3      | Noticed Jessica
  1818 | D:2      | Killed Jessica
  1819 | D:2      | Reached XP level 5. HP: 35/45 MP: 4/4
  1917 | D:3      | Reached skill level 4 in Long Blades
  2241 | D:3      | Noticed an ogre
  2251 | D:3      | Killed an ogre
  2252 | D:3      | Reached XP level 6. HP: 52/52 MP: 5/5
  2828 | D:4      | Found a staircase to the Ecumenical Temple.
  2999 | D:4      | Reached XP level 7. HP: 51/59 MP: 6/6
  3240 | D:4      | Reached skill level 5 in Long Blades
  3815 | D:5      | Entered Level 5 of the Dungeon
  3836 | D:5      | Found a glowing drain.
  3867 | D:5      | Got a distressingly furry chain mail
  3897 | D:5      | Identified the +3 chain mail "Dihuetah" {rF+ Regen+ Dex+3}
                  | (You found it on level 5 of the Dungeon)
  4013 | D:5      | Reached XP level 8. HP: 5/67 MP: 7/7
  4082 | Sewer    | Entered a sewer
  4527 | D:5      | Noticed Eustachio
  4548 | D:5      | Killed Eustachio
  4549 | D:5      | Reached skill level 5 in Fighting
  4549 | D:5      | Reached skill level 6 in Long Blades
  4987 | D:6      | Found a sand-covered staircase.
  4992 | Ossuary  | Entered an ossuary
  5028 | Ossuary  | Reached skill level 5 in Armour
  5146 | Ossuary  | Reached skill level 5 in Dodging
  5318 | D:6      | Reached XP level 9. HP: 74/74 MP: 8/8
  5473 | D:6      | Noticed Prince Ribbit
  5506 | D:6      | Killed Prince Ribbit
  5507 | D:6      | Reached skill level 7 in Long Blades
  5702 | D:6      | Noticed Maggie
  5760 | D:6      | Killed Maggie
  5826 | D:6      | Found a runed translucent door.
  5827 | D:6      | Noticed Crazy Yiuf
  6034 | D:6      | Noticed Grinder
  6046 | D:6      | Paralysed by Grinder for 7 turns
  6057 | D:6      | Killed Grinder
  6188 | D:6      | Killed Crazy Yiuf
  6263 | D:7      | Noticed a hornet
  6278 | D:7      | Killed a hornet
  6327 | D:7      | Reached skill level 8 in Long Blades
  6335 | D:7      | Reached XP level 10. HP: 75/84 MP: 9/9
  6362 | D:7      | Noticed Duvessa
  6371 | D:7      | Noticed Dowan
  6412 | D:7      | Killed Duvessa
  6429 | D:7      | Killed Dowan
  6543 | D:7      | Found a radiant altar of Vehumet.
  7300 | D:8      | Reached skill level 9 in Long Blades
  7300 | D:8      | Reached XP level 11. HP: 94/94 MP: 10/10
  7393 | D:9      | Found a staircase to the Lair.
  7716 | D:9      | Reached skill level 10 in Long Blades
  7880 | D:9      | Found a staircase to the Orcish Mines.
  8035 | D:9      | Noticed a two-headed ogre
  8122 | Temple   | Entered the Ecumenical Temple
  8448 | Temple   | Became a worshipper of Dithmenos the Shadowed
  8730 | D:9      | Killed a two-headed ogre
  8799 | D:9      | Found a broken altar of Ashenzari.
  8973 | D:10     | Entered Level 10 of the Dungeon
  9321 | D:10     | Reached * piety under Dithmenos
  9562 | D:10     | Noticed Borgoz's ghost (journeyman GrBe)
  9562 | D:10     | Noticed a 12-headed hydra
  9563 | D:10     | Found a runed translucent gate.
  9565 | D:10     | Noticed an 11-headed hydra
  9573 | D:10     | Found a runed translucent gate.
  9581 | D:10     | Reached XP level 12. HP: 95/103 MP: 11/11
  9752 | D:10     | Found a runed translucent gate.
 10583 | Lair:1   | Entered Level 1 of the Lair of Beasts
 10662 | Lair:1   | Reached ** piety under Dithmenos
 10754 | Lair:1   | Found a frozen archway.
 10781 | IceCv    | Entered an ice cave
 11146 | IceCv    | Reached skill level 11 in Long Blades
 11532 | IceCv    | Reached skill level 10 in Armour
 11752 | IceCv    | Reached *** piety under Dithmenos
 11753 | IceCv    | Reached XP level 13. HP: 97/111 MP: 12/12
 11895 | IceCv    | Reached skill level 10 in Dodging
 11976 | IceCv    | Noticed a frost giant
 12002 | IceCv    | Killed a frost giant
 12055 | IceCv    | Slain by a polar bear

Illustrated notes

Levels and vault maps discovered:
D:1:      heliophobic_arrival_battle_scene, layout_basic, serial_rivers,
          chequers_serial_rivers_small_3, chequers_serial_rivers_micro_d,
          chequers_serial_rivers_micro_b, chequers_serial_rivers_large_b,
          chequers_serial_rivers_small_b, minivault_24
D:2:      layout_basic, chequers_ecumenical_altar_simple
D:3:      layout_basic, chequers_serial_rivers_micro_c, uniq_jessica
D:4:      layout_gridville, minmay_temple_entry_drinking_statues
D:5:      layout_cave_pools, cheibrodos_sewer_entry_drain, uniq_eustachio
D:6:      layout_loops_ring, nicolae_ossuary_entry_catacombs, uniq_maggie,
          uniq_prince_ribbit1, uniq_crazy_yiuf_cottage, uniq_grinder
D:7:      layout_rooms, vehumet_altar_wand_db, uniq_duvessa
D:8:      layout_rooms
D:9:      layout_roguey, kennysheep_little_box, david_lair_generic,
          hangedman_corner_corridor
D:10:     layout_loops_corners, gammafunk_ghost_hydra_chop
D:11:     layout_loops_ring, serial_shops, shop
Temple:   regret_index_temple_sigil_plot
Lair:1:   layout_small_grid, portal_ice_cave_entry_ice_beasts, serial_forest,
          infiniplex_forest_clump_cross, infiniplex_forest_clump_diagonal,
          infiniplex_forest_straight_1, infiniplex_forest_clump_cross,
          infiniplex_forest_clump_long, infiniplex_forest_clump_long,
          infiniplex_forest_lined_3_way, infiniplex_forest_clump_double,
          special_room [special_room_bee], st_stairs_8, kennysheep_rathole
IceCv:    ice_cave_caverns_01

Skill      XL: |  1  2  3  4  5  6  7  8  9 10 11 12 13 |
---------------+----------------------------------------+-----
Long Blades    | 3 4 5 6 8 9 10 11 | 11.6
Dodging        | 3 4 5 7 8 9 10 | 10.1
Armour         | 1 2 3 5 6 8 10 | 10.5
Fighting       | 3 4 5 6 8 9 |  9.9
Stealth        | 3 |  3.9
Evocations     | 2 |  2.8
Throwing       | |  1.7

Action                   |  1- 3 |  4- 6 |  7- 9 | 10-12 | 13-15 || total
-------------------------+-------+-------+-------+-------+-------++-------
Melee: Long sword        |     9 |     3 |   430 |   632 |       ||  1074
       Dagger            |    71 |   197 |   145 |       |       ||   413
       Scimitar          |       |       |       |   369 |   141 ||   510
Throw: Throwing net      |       |     1 |     5 |       |       ||     6
Evoke: Wand              |       |       |       |    11 |       ||    11
  Use: Scroll            |     1 |     5 |    13 |     6 |       ||    25
       Potion            |       |     1 |     6 |    13 |       ||    20
 Stab: Held in net/web   |       |       |     4 |       |       ||     4
       Paralysed         |       |       |       |    22 |       ||    22
Armor: Leather armour    |    28 |    81 |    22 |       |       ||   131
       Chain mail        |       |       |   305 |   475 |       ||   780
       Ice dragon scales |       |       |       |   153 |    85 ||   238
Dodge: Dodged            |    60 |   140 |   343 |   842 |   125 ||  1510
       Rpst.: Long sword |     5 |     1 |    87 |   107 |       ||   200
       Scimitar          |       |       |       |    74 |    25 ||    99

Table legend: (Time is in decaauts)
 A = Elapsed time spent in this place.
 B = Non-inter-level travel time spent in this place.
 C = Inter-level travel time spent in this place.
 D = Time resting spent in this place.
 E = Time spent auto-exploring this place.
 F = Levels seen in this place.
 G = Mean time per level.
                   A        B        C        D        E       F      G
               +--------+--------+--------+--------+--------+-----+--------+
         Total |  12019 |  11321 |    698 |   1486 |   6390 |  16 |  751.2 |
       Dungeon |   9561 |   8905 |    656 |   1117 |   5348 |  11 |  869.2 |
        Temple |    333 |    292 |     41 |      0 |    291 |   1 |  333.0 |
          Lair |    183 |    183 |      0 |      6 |      0 |   1 |  183.0 |
         Sewer |    426 |    426 |      0 |     47 |    141 |   1 |  426.0 |
       Ossuary |    305 |    305 |      0 |     49 |    146 |   1 |  305.0 |
      Ice Cave |   1208 |   1208 |      0 |    267 |    463 |   1 | 1208.0 |
               +--------+--------+--------+--------+--------+-----+--------+

Top non-repeatable levels by time:
    D:10: 1418 daAuts
   IceCv: 1208 daAuts
     D:6: 1179 daAuts
     D:4: 1129 daAuts
     D:9: 1059 daAuts
     D:1: 1004 daAuts
     D:3: 893 daAuts
     D:2: 888 daAuts
     D:5: 672 daAuts
     D:8: 665 daAuts
     D:7: 564 daAuts
   Sewer: 426 daAuts
  Temple: 333 daAuts
 Ossuary: 305 daAuts
  Lair:1: 183 daAuts
